 Seeded DCSS version 0.29.1-14-g9c671dbff4 (webtiles) character file.

Game seed: 1 (custom seed)

2471 Kazon the Trooper (level 9, -4/139 HPs)
             Began as an Ogre Gladiator on Feb 16, 2023.
             Was a Follower of Okawaru.
             Slain by a sky beast (5 damage)
             ... on level 6 of the Dungeon.
             The game lasted 00:23:33 (6128 turns).

Kazon the Trooper (Ogre Gladiator)                  Turns: 6128, Time: 00:23:34

Health: -4/139     AC:  4    Str: 23    XL:     9   Next: 51%
Magic:  9/9        EV: 11    Int: 11    God:    Okawaru [*.....]
Gold:   227        SH:  0    Dex: 12    Spells: 8/8 levels left

rFire   . . .      SeeInvis .   s - +3 falchion of Winter {venom, rCorr}
rCold   + . .      Faith    .   (no shield)
rNeg    + . .      Spirit   .   v - +0 robe
rPois   .          Reflect  .   f - +1 hat of the Eight Boll Weevils {Rampage Str+3 Stlth+}
rElec   .          Harm     .   (no cloak)
rCorr   +          Rampage  +   (gloves unavailable)
Will    .....                   (boots unavailable)
Stlth   ..........              c - amulet of the acrobat
HPRegen 0.33/turn               w - ring of positive energy
MPRegen 0.11/turn               C - ring of protection from cold

@: berserking, lethally poisoned (-4 -> -6), very quick
A: large, unfitting armour, tough skin 1
a: Renounce Religion, Heroism


You were on level 6 of the Dungeon.
You worshipped Okawaru.
Okawaru was aware of your devotion.
You visited 2 branches of the dungeon, and saw 8 of its levels.

You collected 411 gold pieces.
You spent 184 gold pieces at shops.

Inventory:

Hand Weapons
 e - a +2 dagger of venom
 s - the +3 falchion of Winter (weapon) {venom, rCorr}
   (You bought it in a shop on level 3 of the Dungeon)

   It poisons the flesh of those it strikes.
   rCorr:     It protects you from acid and corrosion.
Missiles
 d - 4 throwing nets
 k - 41 stones (quivered)
 l - 4 boomerangs
 n - a large rock
 y - 3 curare-tipped darts
Armour
 f - the +1 hat of the Eight Boll Weevils (worn) {Rampage Str+3 Stlth+}
   (You acquired it on level 1 of the Dungeon)

   Str:       It affects your strength (+3).
   Rampage:   It bestows one free step when moving towards enemies.
   Stlth:     It makes you more stealthy.
 v - a +0 robe (worn)
Jewellery
 c - an amulet of the acrobat (around neck)
 w - a ring of positive energy (left hand)
 C - a ring of protection from cold (right hand)
Wands
 j - a wand of paralysis (10)
 x - a wand of mindburst (16)
 z - a wand of flame (11)
Scrolls
 i - 4 scrolls of identify
 m - 2 scrolls of immolation {unknown}
 o - a scroll of fog {unknown}
 p - a scroll of poison {unknown}
 q - a scroll of teleportation {unknown}
 t - a scroll of magic mapping {unknown}
 u - 2 scrolls of noise {unknown}
 A - 2 scrolls of enchant weapon {unknown}
Potions
 g - 2 potions of haste
 h - a potion of flight
 r - 3 potions of lignification
 B - a potion of cancellation {unknown}
 D - a potion of curing
 E - a potion of might


   Skills:
 + Level 7.4 Fighting
 + Level 4.5(6.3) Short Blades
 + Level 6.8(7.4) Long Blades
 + Level 5.5 Throwing
 + Level 3.4 Armour
 + Level 6.0 Dodging
 + Level 4.9 Stealth
 * Level 1.1 Invocations
 * Level 2.2 Evocations


You had 8 spell levels left.
You didn't know any spells.
Your spell library contained the following spells:

 Spells                   Type           Power      Damage    Failure   Level
 Apportation              Tloc           0%         N/A       34%         1
 Necrotise                Necr           0%         1d4       34%         1
 Sting                    Tmut/Pois      0%         1d3       34%         1
 Poisonous Vapours        Pois/Air       0%         N/A       47%         2
 Olgreb's Toxic Radiance  Pois           0%         N/A       98%         4
 Fireball                 Conj/Fire      0%         3d3       100%        5
 Iskenderun's Battlesphe  Conj           0%         2d6       100%        5
 Conjure Ball Lightning   Conj/Air       0%         3x3d6     100%        6
 Orb of Destruction       Conj           0%         9d5       100%        7
 Summon Small Mammal      Summ           Unusable   N/A       N/A         1

Dungeon Overview and Level Annotations

Branches:
Dungeon (7/15)             Temple (1/1) D:7

Altars:
Ashenzari
Dithmenos
Gozag
Hepliaklqana
Makhleb
Nemelex Xobeh
Okawaru
Qazlal
Uskayaw
Xom

Shops:
D:3 (


Innate Abilities, Weirdness & Mutations

You are too large for most types of armour.
You have tough skin. (AC +1)


Message History

The adder barely misses you. Edmund hits you but does no damage.
A red film seems to cover your vision as you go berserk!
You feel yourself moving faster!
You feel mighty!
You feel sick. The adder bites you but does no damage. The sky beast hits you.
* * * LOW HITPOINT WARNING * * *
The sky beast shocks you.
* * * LOW HITPOINT WARNING * * *
Edmund closely misses you.
The sky beast flickers out of sight!
Deactivating autopickup; reactivate with Ctrl-A.
You slash the sky beast!
The sky beast is poisoned.
The sky beast is moderately wounded.
You feel sick. The adder bites you.
* * * LOW HITPOINT WARNING * * *
You are more poisoned.
The adder poisons you!
You hit the sky beast.
The sky beast looks as sick as possible!
The sky beast is heavily wounded.
You feel sick.
You kill Edmund!
Okawaru accepts your kill.
You can now gain great but temporary skills.
The sky beast closely misses you. The adder bites you but does no damage.
Your Dodging skill increases to level 6!
You slash the adder!
You kill the adder!
Okawaru accepts your kill.
You feel sick. The sky beast closely misses you. Something hits you.
* * * LOW HITPOINT WARNING * * *
Something shocks you.
* * * LOW HITPOINT WARNING * * *
You miss the sky beast.
The sky beast is heavily wounded.
Unknown command.
You closely miss the necrophage.
* * * LOW HITPOINT WARNING * * *
You feel sick. Something hits you.
* * * LOW HITPOINT WARNING * * *
Something shocks you.
You die...

...........................
.##.###############.######
>##.# #..# .##.#
#######.######## .##.#
...............# ....#
.####.....####.# .....
#[.##...## ..#.# #..Y##.##
..#.# #@{÷#.# .#
....######## ##n)#.#'.#
...........# ###÷~.#
...........#........8......
...........#....###...###..
.....).....#.. +#.#'.
...<.†.....$. #.#...
.##+#........ #.# ...#
####.##.. ... .?#


You could see a sky beast (extremely poisoned) and a necrophage.

Vanquished Creatures
  Eustachio (D:5)
  Menkaure (D:5)
  Edmund (D:6)
  2 water moccasins
  An orc warrior (D:6)
  A sky beast (D:5)
  2 black bears (D:6)
  2 centaurs (D:5)
  An ogre (D:6)
  A phantom (D:6)
  A kobold brigand (Temple)
  2 necrophages
  5 scorpions
  A howler monkey (D:5)
  A hound (D:4)
  2 orc priests
  6 iguanas
  Robin (D:3)
  6 gnolls
  11 adders
  A shadow imp (D:6)
  An ufetubus (D:5)
  3 worms
  14 orcs
  11 endoplasms
  A giant cockroach (D:1)
  16 goblins
  9 hobgoblins
  A jackal (D:4)
  10 kobolds
  A quokka (D:1)
  5 ball pythons
  4 bats
  3 frilled lizards
  6 rats
135 creatures vanquished.

Notes
Turn   | Place    | Note
-------+----------+-------------------------------------------
     0 | D:1      | Kazon the Ogre Gladiator began the quest for the Orb.
     0 | D:1      | Reached XP level 1. HP: 22/22 MP: 1/1
    34 | D:1      | Identified a scroll of acquirement
    34 | D:1      | Acquired the +1 hat of the Eight Boll Weevils {Rampage
                  | Str+3 Stlth+}
   236 | D:1      | Reached XP level 2. HP: 26/29 MP: 2/2
   863 | D:2      | Reached XP level 3. HP: 32/36 MP: 3/3
  1073 | D:2      | Reached skill level 3 in Fighting
  1421 | D:2      | Reached XP level 4. HP: 44/45 MP: 4/4
  1582 | D:2      | HP: 2/45 [gnoll/+0 whip (5)]
  1939 | D:3      | Found Umat's Antique Weapon Boutique.
  1966 | D:3      | Bought a crude falchion for 184 gold pieces
  1966 | D:3      | Identified the +3 falchion of Winter {venom, rCorr} (You
                  | bought it in a shop on level 3 of the Dungeon)
  2097 | D:3      | Reached skill level 1 in Stealth
  2312 | D:3      | Reached XP level 5. HP: 47/53 MP: 5/5
  2323 | D:3      | Noticed Robin
  2337 | D:3      | Killed Robin
  2537 | D:3      | Reached skill level 6 in Fighting
  2537 | D:3      | Reached skill level 5 in Long Blades
  2537 | D:3      | Reached skill level 5 in Throwing
  2537 | D:3      | Reached skill level 5 in Dodging
  2537 | D:3      | Reached XP level 6. HP: 59/68 MP: 6/6
  2995 | D:4      | Reached XP level 7. HP: 76/76 MP: 7/7
  3429 | D:4      | Found a hazy altar of Hepliaklqana.
  3676 | D:5      | Entered Level 5 of the Dungeon
  3807 | D:5      | Noticed Eustachio
  3833 | D:5      | Killed Eustachio
  3834 | D:5      | Reached XP level 8. HP: 17/84 MP: 8/8
  4134 | D:5      | Noticed Menkaure
  4148 | D:5      | Killed Menkaure
  4149 | D:5      | Reached skill level 1 in Evocations
  4511 | D:5      | Reached skill level 7 in Fighting
  5133 | D:6      | Reached XP level 9. HP: 63/93 MP: 9/9
  5398 | D:7      | Found a staircase to the Ecumenical Temple.
  5410 | Temple   | Entered the Ecumenical Temple
  5417 | Temple   | Became a worshipper of Warmaster Okawaru
  5720 | D:7      | Found a hide-covered altar of Uskayaw.
  6073 | D:6      | Noticed Edmund
  6108 | D:6      | Reached skill level 1 in Invocations
  6125 | D:6      | Killed Edmund
  6125 | D:6      | Reached * piety under Okawaru
  6126 | D:6      | HP: 3/139 [something (6)]
  6128 | D:6      | HP: 1/139 [something (2)]
  6128 | D:6      | Slain by a sky beast

Illustrated notes

Levels and vault maps discovered:
D:1:      dpeg_arrival_three_smaller_balls, layout_basic
D:2:      layout_loops_ring
D:3:      layout_basic, serial_shops, nicolae_shop_stone, st_stairs_9,
          minmay_misc_feat_doors, eino_curves_03, uniq_robin
D:4:      minmay_wonky_spiral, layout_basic,
          mainiacjoe_overflow_surrounded_room, minivault_5
D:5:      layout_cave_pods, uniq_menkaure, uniq_eustachio
D:6:      cheibrodos_barr_body, layout_basic, minmay_crystal_room,
          minmay_pentangle, uniq_maggie, uniq_edmund
D:7:      layout_cave_pools, nicolae_uskayaw_murder_on_the_dancefloor,
          elyvilon_altar_4, minmay_temple_entry_purple_smoke
Temple:   nicolae_temple_bog_church

Skill      XL: |  1  2  3  4  5  6  7  8  9 |
---------------+----------------------------+-----
Dodging        | 3 5 6 |  6.0
Long Blades    | 3 5 6 |  6.8
Fighting       | 3 6 7 |  7.4
Stealth        | 1 3 4 |  4.9
Short Blades   | 4 |  4.5
Throwing       | 5 |  5.5
Armour         | 3 |  3.4
Evocations     | 1 2 |  2.2
Invocations    | 1 |  1.1

Action                   |  1- 3 |  4- 6 |  7- 9 || total
-------------------------+-------+-------+-------++-------
Melee: Long sword        |    85 |       |       ||    85
       Punch             |     2 |       |     6 ||     8
       Dagger            |     5 |    70 |    42 ||   117
       Falchion          |       |    34 |   192 ||   226
Throw: Stone             |     7 |    22 |    11 ||    40
       Boomerang         |       |     4 |    14 ||    18
Evoke: Wand              |       |       |     4 ||     4
  Use: Scroll            |     1 |       |     7 ||     8
       Potion            |       |     2 |     5 ||     7
 Stab: Sleeping          |     4 |     9 |    13 ||    26
       Distracted        |       |       |     2 ||     2
Armor: Robe              |    36 |    21 |    51 ||   108
Dodge: Dodged            |    55 |    45 |   126 ||   226
